 Dungeon Crawl Stone Soup version 0.20-b1 (webtiles) character file.

738 GFizzle the Cleaver (level 7, 0/85 HPs)
             Began as a Minotaur Berserker on May 18, 2017.
             Was a Priest of Trog.
             Succumbed to edgar's ghost's sting
             ... on level 4 of the Dungeon on May 19, 2017.
             The game lasted 00:34:01 (2888 turns).

GFizzle the Cleaver (Minotaur Berserker)            Turns: 2888, Time: 00:34:02

Health: 0/85       AC:  5    Str: 31    XL:     7   Next: 46%
Magic:  6/6        EV: 12    Int:  4    God:    Trog [***...]
Gold:   173        SH: 15    Dex: 15    Spells: 6/6 levels left

rFire    . . .     SeeInvis .   a - +1 hand axe
rCold    . . .     Gourm    .   d - +1 large shield {rN+}
rNeg     + . .     Faith    .   j - +0 ring mail
rPois    .         Spirit   .   (helmet restricted)
rElec    .         Reflect  .   p - scarf {cloud immunity}
rCorr    .         Harm     .   (no gloves)
MR       .....                  (no boots)
Stlth    ..........             (no amulet)
Regen    0.3/turn               g - +3 ring of strength
MPRegen  0.1/turn               (no ring)

@: agile, berserking (expiring), lethally poisoned (0 -> -5), very quick
A: retaliatory headbutt, horns 2
a: Berserk, Trog's Hand, Burn Spellbooks, Renounce Religion


You were on level 4 of the Dungeon.
You worshipped Trog.
Trog was most pleased with you.
You were not hungry.

You visited 1 branch of the dungeon, and saw 4 of its levels.

You collected 173 gold pieces.

Inventory:

Hand Weapons
 a - a +1 hand axe (weapon)
Armour
 d - a +1 large shield of positive energy (worn)
 j - a +0 ring mail (worn)
 p - a scarf of cloud immunity (worn)
Jewellery
 g - a +3 ring of strength (left hand)
Scrolls
 f - a scroll of enchant weapon
 h - a scroll of teleportation
 o - 2 scrolls of remove curse
 q - a scroll of identify
Potions
 b - a potion of curing
 e - 2 potions of haste
 l - a potion of lignification
Comestibles
 c - 2 bread rations
 k - 2 fruits
 m - a royal jelly
 n - a meat ration


   Skills:
 - Level 3.6 Fighting
 + Level 10.5 Axes
 - Level 2.4 Armour
 - Level 2.1 Dodging


You had 6 spell levels left.
You didn't know any spells.

Dungeon Overview and Level Annotations

Branches:
Dungeon (4/15)
 Temple: D:4-7

Altars:
Nemelex Xobeh
Trog

Shops:
D:4 *


Innate Abilities, Weirdness & Mutations

You reflexively headbutt those who attack you in melee.
You have a pair of horns on your head.


Message History

Edgar's ghost is heavily damaged.
You feel sick. Edgar's ghost hits you!
* * * LOW HITPOINT WARNING * * *
You are electrocuted!
* * * LOW HITPOINT WARNING * * *
You slash edgar's ghost! Your headbutt misses edgar's ghost.
Edgar's ghost is severely damaged.
You miss edgar's ghost. You headbutt edgar's ghost!
Edgar's ghost is almost destroyed.
* * * LOW HITPOINT WARNING * * *
You feel sick. Edgar's ghost closely misses you. You furiously retaliate!
You headbutt edgar's ghost!!
You destroy edgar's ghost!
Trog accepts your kill.
Trog appreciates your killing of a magic user.
Your Axes skill increases to level 10!
You are too berserk!
There is a lethal amount of poison in your body!
You feel a strong urge to attack something.
You die...

#.# #.# #. #.# #. #.#
.#.## ##########.# ....
## #.......##.#####.. ..
#.#####.##.#......
###.#.##.#####)##.#.###..
....._..@)...............
###.#.##.##########.###..
# .... ........###..
##.................
.........########.
######## #. ## . ###.##


There were no monsters in sight!

Vanquished Creatures
  The ghost of edgar the Sneak, a novice SpVM (D:4)
  Sigmund (D:2)
  A hound (D:4)
  An orc priest (D:4)
  3 orc wizards (D:4)
  Natasha (thrice) (D:3)
  A gnoll (D:1)
  4 adders (D:3)
  A shadow imp (D:3)
  An ooze (D:1)
  4 worms
  A leopard gecko (D:2)
  7 orcs
  2 giant cockroaches
  10 hobgoblins
  5 jackals (D:1)
  A quokka (D:1)
  5 bats
  4 frilled lizards
  8 goblins
  A jackal skeleton (D:4)
  6 kobolds
  8 rats
79 creatures vanquished.

Notes
Turn   | Place    | Note
-------+----------+-------------------------------------------
     0 | D:1      | GFizzle the Minotaur Berserker began the quest for the Orb.
     0 | D:1      | Reached XP level 1. HP: 19/19 MP: 0/0
     6 | D:1      | Noticed a wyvern
     6 | D:1      | Noticed a swamp worm
     6 | D:1      | Noticed a hound
     6 | D:1      | Noticed a worker ant
    60 | D:1      | Reached skill level 4 in Axes
    94 | D:1      | Reached XP level 2. HP: 20/26 MP: 1/1
   371 | D:1      | Reached skill level 5 in Axes
   371 | D:1      | Reached XP level 3. HP: 21/31 MP: 2/2
   608 | D:1      | Reached ** piety under Trog
  1107 | D:2      | Noticed Sigmund
  1117 | D:2      | Killed Sigmund
  1117 | D:2      | Reached skill level 7 in Axes
  1117 | D:2      | Reached XP level 4. HP: 39/39 MP: 3/3
  1117 | D:2      | Reached XP level 5. HP: 45/45 MP: 4/4
  1634 | D:3      | Reached skill level 8 in Axes
  1783 | D:3      | Noticed Natasha
  1791 | D:3      | Killed Natasha
  1791 | D:3      | Reached XP level 6. HP: 47/51 MP: 5/5
  1959 | D:3      | Noticed Natasha
  1968 | D:3      | Killed Natasha
  2336 | D:3      | Reached *** piety under Trog
  2354 | D:3      | Noticed Natasha
  2366 | D:3      | Killed Natasha
  2500 | D:4      | Found Ashuga Etuo's Assorted Antiques.
  2546 | D:4      | Found a bloodstained altar of Trog.
  2574 | D:4      | Reached skill level 9 in Axes
  2854 | D:4      | Found a sparkling altar of Nemelex Xobeh.
  2857 | D:4      | Noticed edgar's ghost (novice SpVM)
  2861 | D:4      | Reached XP level 7. HP: 57/57 MP: 6/6
  2884 | D:4      | HP: 1/85 [edgar's ghost (10)]
  2886 | D:4      | Killed edgar's ghost
  2886 | D:4      | Reached skill level 10 in Axes
  2888 | D:4      | Succumbed to edgar's ghost's sting

Skill      XL: |  1  2  3  4  5  6  7 |
---------------+----------------------+-----
Axes           | 4 5 7 8 9 10 | 10.5
Fighting       | |  3.6
Armour         | |  2.4
Dodging        | |  2.1

Action                   |  1- 3 |  4- 6 |  7- 9 || total
-------------------------+-------+-------+-------++-------
Melee: Hand axe          |    55 |   143 |    18 ||   216
       Headbutt          |     7 |    11 |     1 ||    19
Invok: Berserk           |     1 |     1 |     1 ||     3
  Use: Scroll            |     5 |     3 |       ||     8
       Potion            |       |     9 |     3 ||    12
 Stab: Sleeping          |     1 |       |       ||     1
  Eat: Chunk             |     1 |     6 |       ||     7
       Bread ration      |       |     1 |       ||     1
Armor: Animal skin       |     3 |       |       ||     3
       Ring mail         |     4 |    38 |     6 ||    48
Dodge: Dodged            |    36 |    18 |     3 ||    57
Block: Large shield      |     1 |    81 |    14 ||    96
